 Dungeon Crawl Stone Soup version 0.29-a0-757-g358383bc75 (webtiles) character file.

Game seed: 3884336972931011122

8106 crusatyr the Cruncher (level 11, -1/74 (77) HPs)
             Began as a Demonspawn Berserker on June 30, 2022.
             Was an Elder of Trog.
             Slain by a wight
             ... wielding a +0 spear
              (7 damage)
             ... on level 9 of the Dungeon.
             The game lasted 00:23:18 (12342 turns).

crusatyr the Cruncher (Demonspawn Berserker)       Turns: 12342, Time: 00:23:19

HP:   -1/74 (77)    AC: 14    Str: 18    XL:     11   Next: 5%
MP:   0/11          EV:  9    Int:  8    God:    Trog [****..]
Gold: 499           SH:  4    Dex: 17    Spells: 10/10 levels left

rFire   . . .      SeeInvis +   b - +0 lajatang
rCold   . . .      Faith    .   (shield currently unavailable)
rNeg    . . .      Spirit   +   j - +0 plate armour
rPois   .          Reflect  .   E - +0 hat {SInv}
rElec   .          Harm     .   (no cloak)
rCorr   .          Rampage  .   e - +1 pair of gloves
Will    .....                   s - +0 pair of boots
Stlth   ..........              m - amulet of guardian spirit
HPRegen 0.22/turn               (no ring)
MPRegen 0.12/turn               (no ring)

@: on berserk cooldown, hasted and slowed, studying Dodging, lightly drained
A: horns 2, rugged brown scales 1, foul stench 2, condensation shield
a: Renounce Religion, Berserk, Trog's Hand, Brothers in Arms


You were on level 9 of the Dungeon.
You worshipped Trog.
Trog was greatly pleased with you.
You visited 2 branches of the dungeon, and saw 12 of its levels.
You also visited: Ossuary.

You collected 499 gold pieces.

Inventory:

Hand Weapons
 b - a +0 lajatang (weapon)
 F - a +0 quarterstaff
Missiles
 a - 4 throwing nets (quivered)
Armour
 e - a +1 pair of gloves (worn)
 j - a +0 plate armour (worn)
 k - a +0 leather armour of fire resistance
 s - a +0 pair of boots (worn)
 E - a +0 hat of see invisible (worn)
Jewellery
 g - an amulet of magic regeneration
 m - an amulet of guardian spirit (around neck)
Wands
 r - a wand of charming (9)
 y - a wand of iceblast (6)
Scrolls
 d - 2 scrolls of fear
 l - 2 scrolls of teleportation
 n - a scroll of brand weapon {unknown}
 u - 3 scrolls of immolation
 w - 2 scrolls of enchant armour {unknown}
 z - a scroll of acquirement {unknown}
Potions
 c - 3 potions of mutation
 f - 4 potions of cancellation
 h - 2 potions of haste
 i - 5 potions of curing
 o - 2 potions of heal wounds
 p - 4 potions of attraction
 q - 6 potions of flight
 x - 4 potions of lignification
 A - a potion of ambrosia
 C - a potion of resistance
 D - a potion of berserk rage {unknown}


   Skills:
 - Level 3.0 Fighting
 - Level 3.4 Long Blades
 * Level 12.1 Staves
 - Level 1.7 Armour
 + Level 11.6 Dodging
 + Level 5.5 Evocations


You had 10 spell levels left.
You didn't know any spells.
Your spell library was empty.

Dungeon Overview and Level Annotations

Branches:
Dungeon (11/15)            Temple (1/1) D:5         Ossuary (visited)
   Lair: D:8-11         Orc: D:9-12

Altars:
Ashenzari
Cheibriados
Dithmenos
Elyvilon
Fedhas
Hepliaklqana
Kikubaaqudgha
Makhleb
Nemelex Xobeh
Okawaru
Qazlal
Ru
Sif Muna
Uskayaw
Vehumet
Xom
Yredelemnul
Zin

Shops:
D:2 [

Annotations:
D:9 Harold


Innate Abilities, Weirdness & Mutations

You have a pair of horns on your head.
You are partially covered in rugged brown scales. (AC +1, +3% HP)
You sometimes emit foul miasma when damaged in melee.
A meltable shield of frost defends you. (SH +4)


Message History

You feel very sick. The wight barely misses you. You block Harold's attack.
You hit Harold but do no damage. You headbutt Harold!
Harold is almost dead.
Your skin stops crawling.
You feel less strong-willed.
You feel sick. The wight barely misses you.
Harold hits you with a +0 vampiric war axe.
You block the wight's attack. Harold barely misses you.
A wight comes into view. It is wielding a +4 war axe.
You barely miss Harold. Your headbutt misses Harold.
Harold is almost dead.
You feel sick.
The wight hits you with a +0 dire flail.
Harold hits you with a +0 vampiric war axe.
* * * LOW HITPOINT WARNING * * *
Harold draws strength from your wounds!
You feel better. The wight hits you but does no damage.
Harold closely misses you. The wight attacks as you move away!
The wight hits you with a +0 dire flail!
* * * LOW HITPOINT WARNING * * *
You feel drained.
* * * LOW HITPOINT WARNING * * *
Harold attacks as you move away!
Harold hits you with a +0 vampiric war axe!
* * * LOW HITPOINT WARNING * * *
Harold draws strength from your wounds! The wight completely misses you.
You feel much better. The wight hits you but does no damage.
Harold hits you with a +0 vampiric war axe.
You emit a cloud of foul miasma!
You feel yourself speed up. The wight hits you but does no damage.
Harold is engulfed in dark miasma.
Harold is poisoned.
Harold hits you with a +0 vampiric war axe!
* * * LOW HITPOINT WARNING * * *
Harold is engulfed in dark miasma.
Harold looks even sicker.
Harold hits you with a +0 vampiric war axe!
* * * LOW HITPOINT WARNING * * *
Harold draws strength from your wounds!
The wight hits you from afar with a +0 spear!
You die...

#.#.#.#.#.#.
.....#.###.#.#)#.#.#...
.....#.#..#.#.#.#.#.#..
.......#.#.#.#.#.#.#..
...........#..#.#.#.#.#.#
.z...$....###.#.#.#.#.#
.z.......#..#.#.#.#.#
......zz#.#.#.#.#.#
.?...#z@@.#.#.#.# ...
#####.#.#.#.# #####'#
#.#.#.#.#.# #.....#
####.###### ## #.#####
#.#### #. #.# #....# #.
#####'#### #####'## #.
##........# #......# #.
.'........# #......# #.


You could see Harold (very poisoned) and 3 wights.

Vanquished Creatures
  Gastronok (D:8)
  A two-headed ogre (D:11)
  Erica (D:8)
  Amaemon (D:9)
  Pikel (D:5)
  A cyclops (D:11)
  Joseph (D:8)
  An orange demon (D:9)
  Prince Ribbit (D:7)
  A wyvern (D:9)
  2 vampire mosquitoes (D:7)
  A water moccasin (D:6)
  2 orc warriors
  A sky beast (D:7)
  An ice beast (D:8)
  2 ogres
  3 centaurs
  2 lemures (D:5)
  A phantom (D:6)
  3 kobold brigands
  4 bullfrogs (D:8)
  A necrophage (D:6)
  A scorpion (D:6)
  5 water moccasin zombies (Ossuary)
  2 gnoll sergeants
  A wight (D:4)
  9 hounds
  9 orc priests
  2 jellies
  3 gnoll shamans
  An iguana (D:5)
  6 orc wizards
  2 mummies (Ossuary)
  28 gnolls
  3 adders
  A shadow imp (D:7)
  An ufetubus (D:4)
  4 adder zombies (Ossuary)
  2 worms
  28 orcs
  A ball python (D:4)
  A bat (D:2)
  6 endoplasms
  3 giant cockroaches
  5 gnoll zombies (Ossuary)
  4 goblins
  6 hobgoblins
  18 kobolds
  3 quokkas
  5 frilled lizards
  4 hobgoblin zombies (Ossuary)
  3 kobold zombies (Ossuary)
  5 orc zombies (Ossuary)
  3 rats
  A spectral orc (D:8)
209 creatures vanquished.

Vanquished Creatures (others)
  A fungus (D:10)
1 creature vanquished.

Grand Total: 210 creatures vanquished

Notes
Turn   | Place    | Note
-------+----------+-------------------------------------------
     0 | D:1      | crusatyr the Demonspawn Berserker began the quest for the
                  | Orb.
     0 | D:1      | Reached XP level 1. HP: 18/18 MP: 1/1
   690 | D:1      | Gained mutation: A meltable shield of frost defends you.
                  | (SH +4) [demonic ancestry]
   690 | D:1      | Reached XP level 2. HP: 24/24 MP: 2/2
  1291 | D:1      | Found a faded altar of an unknown god.
  1702 | D:2      | Reached skill level 2 in Staves
  1702 | D:2      | Gained mutation: You are partially covered in rugged brown
                  | scales. (AC +1, +3% HP) [demonic ancestry]
  1702 | D:2      | Reached XP level 3. HP: 7/29 MP: 3/3
  2246 | D:2      | Found Gymmugy's Armour Boutique.
  2987 | D:3      | Gained mutation: You have a pair of small horns on your
                  | head. [demonic ancestry]
  2987 | D:3      | Reached XP level 4. HP: 20/36 MP: 4/4
  3684 | D:4      | Reached skill level 3 in Staves
  3684 | D:4      | Reached XP level 5. HP: 27/42 MP: 5/5
  3850 | D:4      | Found a hide-covered altar of Uskayaw.
  3858 | D:4      | Reached skill level 4 in Staves
  3999 | D:4      | Reached ** piety under Trog
  4141 | D:4      | Reached XP level 6. HP: 48/48 MP: 6/6
  4604 | D:5      | Entered Level 5 of the Dungeon
  5254 | D:5      | Reached skill level 5 in Staves
  5282 | D:5      | Found a staircase to the Ecumenical Temple.
  5395 | D:5      | Noticed Pikel
  5403 | D:5      | Killed Pikel
  5404 | D:5      | Reached skill level 6 in Staves
  5404 | D:5      | Reached skill level 5 in Dodging
  5404 | D:5      | Reached XP level 7. HP: 53/53 MP: 7/7
  5415 | Temple   | Entered the Ecumenical Temple
  5637 | D:5      | Gained mutation: You may rarely emit foul miasma when
                  | damaged in melee. [demonic ancestry]
  5637 | D:5      | Reached XP level 8. HP: 59/59 MP: 8/8
  5775 | D:5      | Found a broken altar of Ashenzari.
  5775 | D:5      | Found a burning altar of Makhleb.
  5779 | D:5      | Found a snail-covered altar of Cheibriados.
  5862 | D:5      | Reached skill level 7 in Staves
  7058 | D:6      | Reached skill level 8 in Staves
  8138 | D:7      | Found a radiant altar of Vehumet.
  8220 | D:7      | Gained mutation: You have a pair of horns on your head.
                  | [demonic ancestry]
  8220 | D:7      | Reached XP level 9. HP: 64/64 MP: 9/9
  8260 | D:7      | Found an iron altar of Okawaru.
  8300 | D:7      | Reached skill level 9 in Staves
  8307 | D:7      | Reached *** piety under Trog
  8695 | D:7      | Found a blossoming altar of Fedhas.
  8699 | D:7      | Noticed Prince Ribbit
  8714 | D:7      | Killed Prince Ribbit
  9334 | D:8      | Found a sand-covered staircase.
  9347 | Ossuary  | Entered an ossuary
  9429 | Ossuary  | Reached skill level 1 in Evocations
  9434 | Ossuary  | Reached skill level 10 in Staves
  9479 | Ossuary  | Reached **** piety under Trog
  9962 | D:8      | Noticed Gastronok
  9979 | D:8      | Killed Gastronok
  9980 | D:8      | Reached skill level 10 in Dodging
  9980 | D:8      | Gained mutation: You sometimes emit foul miasma when
                  | damaged in melee. [demonic ancestry]
  9980 | D:8      | Reached XP level 10. HP: 72/72 MP: 10/10
 10337 | D:8      | Noticed Erica
 10354 | D:8      | Reached skill level 11 in Staves
 10384 | D:8      | Killed Erica
 10412 | D:8      | Found a sacrificial altar of Ru.
 10489 | D:8      | Found a hazy altar of Hepliaklqana.
 10660 | D:8      | Noticed Joseph
 10670 | D:8      | Killed Joseph
 11708 | D:9      | Noticed Amaemon
 11708 | D:9      | Noticed an orange demon
 11708 | D:9      | You fall into a shaft and drop 2 floors!
 11787 | D:11     | Noticed a cyclops
 11793 | D:11     | Killed a cyclops
 11892 | D:11     | Noticed a two-headed ogre
 11897 | D:11     | Killed a two-headed ogre
 11898 | D:11     | Reached skill level 5 in Evocations
 12211 | D:10     | Entered Level 10 of the Dungeon
 12316 | D:9      | Noticed Harold
 12322 | D:9      | Killed Amaemon
 12323 | D:9      | Reached skill level 12 in Staves
 12323 | D:9      | Reached XP level 11. HP: 77/77 MP: 9/11
 12342 | D:9      | Slain by a wight

Illustrated notes

Levels and vault maps discovered:
D:1:      lemuel_arrival_funnel, layout_basic,
          shapermc_ecumenical_altar_pompeii, minmay_misc_feat_tower,
          minmay_misc_feat_x
D:2:      layout_basic, serial_shops, shop, hangedman_abyss_or_decor_lesser_grid
D:3:      layout_basic, minmay_misc_feat_roman
D:4:      layout_loops_ring, nicolae_uskayaw_murder_on_the_dancefloor,
          nicolae_concentric_dashed_squares_wild, minmay_manual_mail
D:5:      layout_layer_cave, minitemple, minmay_temple_entry_wispy, uniq_pikel
D:6:      layout_basic
D:7:      layout_rooms, okawaru_gym_becter, mainiacjoe_overflow_boulevard,
          mainiacjoe_overflow_brackets, chequers_serial_rivers_marsh,
          uniq_prince_ribbit1
D:8:      layout_loops_ring, nicolae_hepliaklqana_monster_ancestors,
          mainiacjoe_overflow_catwalk, nicolae_ossuary_entry_monument,
          uniq_erica, uniq_gastronok, uniq_joseph
D:9:      layout_roguey, lightli_temple_of_fire, special_room
          [special_room_orc], serial_park_tiny_1, minivault_23, uniq_harold,
          uniq_amaemon
D:10:     layout_roguey, mainiacjoe_overflow_paths, tso_metal_star,
          mainiacjoe_overflow_alcove_4, grunt_lair_entry_orc_guard_hut,
          uniq_sonja
D:11:     layout_basic, hiddenorc1_lemuel
Temple:   hellmonk_temple_micro_hex

Skill      XL: |  1  2  3  4  5  6  7  8  9 10 |
---------------+-------------------------------+-----
Long Blades    | 3 |  3.4
Staves         | 2 3 4 6 8 10 12 | 12.1
Dodging        | 3 5 6 8 10 11 | 11.6
Evocations     | 3 5 |  5.5
Fighting       | |  3.0
Armour         | |  1.7

Action                   |  1- 3 |  4- 6 |  7- 9 | 10-12 || total
-------------------------+-------+-------+-------+-------++-------
Melee: Falchion          |    37 |       |       |       ||    37
       Lajatang          |    50 |   145 |   329 |   136 ||   660
       Headbutt          |       |    25 |    66 |    20 ||   111
Invok: Berserk           |       |     1 |     7 |     6 ||    14
       Trog's Hand       |       |       |       |     2 ||     2
  Use: Scroll            |       |    12 |     6 |     3 ||    21
       Potion            |       |       |       |     4 ||     4
Armor: Animal skin       |     4 |       |       |       ||     4
       Leather armour    |     9 |     3 |       |       ||    12
       Chain mail        |       |    73 |    93 |    12 ||   178
       Plate armour      |       |       |       |    32 ||    32
Dodge: Dodged            |    43 |    47 |   118 |    56 ||   264
Block: Other             |    12 |    22 |    37 |    19 ||    90

Table legend: (Time is in decaauts)
 A = Elapsed time spent in this place.
 B = Non-inter-level travel time spent in this place.
 C = Inter-level travel time spent in this place.
 D = Time resting spent in this place.
 E = Time spent auto-exploring this place.
 F = Levels seen in this place.
 G = Mean time per level.
                   A        B        C        D        E       F      G
               +--------+--------+--------+--------+--------+-----+--------+
         Total |  12483 |  12068 |    415 |   2445 |   7516 |  13 |  960.2 |
       Dungeon |  12270 |  11855 |    415 |   2417 |   7516 |  11 | 1115.5 |
        Temple |     34 |     34 |      0 |     27 |      0 |   1 |   34.0 |
       Ossuary |    178 |    178 |      0 |      0 |      0 |   1 |  178.0 |
               +--------+--------+--------+--------+--------+-----+--------+

Top non-repeatable levels by time:
     D:5: 2065 daAuts
     D:8: 1609 daAuts
     D:1: 1510 daAuts
     D:2: 1419 daAuts
     D:6: 1365 daAuts
     D:7: 1271 daAuts
     D:4: 982 daAuts
     D:3: 767 daAuts
     D:9: 757 daAuts
    D:11: 513 daAuts
 Ossuary: 178 daAuts
  Temple: 34 daAuts
    D:10: 6 daAuts
